 Dungeon Crawl Stone Soup version 0.28-a0-804-g60983d4ba9 (webtiles) character file.

Game seed: 8298729948596229215

31 siradein the Skirmisher (level 3, 0/29 HPs)
             Began as a Demonspawn Abyssal Knight on Nov 8, 2021.
             Was a Follower of Lugonu.
             Succumbed to an adder's poison
             ... on level 2 of the Dungeon.
             The game lasted 00:04:29 (1543 turns).

siradein the Skirmisher (Demonspawn Abyssal Knight) Turns: 1543, Time: 00:04:30

Health: 0/29       AC:  3    Str: 14    XL:     3   Next: 7%
Magic:  5/5        EV: 11    Int: 11    God:    Lugonu [*.....]
Gold:   54         SH:  4    Dex: 13    Spells: 2/2 levels left

rFire   . . .      SeeInvis .   a - +1 falchion
rCold   . . .      Faith    .   (no shield)
rNeg    . . .      Spirit   .   b - +0 leather armour
rPois   .          Reflect  .   (no helmet)
rElec   .          Harm     .   (no cloak)
rCorr   .          Rampage  .   (no gloves)
Will    .....                   (no boots)
Stlth   +.........              (no amulet)
HPRegen 0.09/turn               (no ring)
MPRegen 0.09/turn               (no ring)

@: lethally poisoned (0 -> -3)
A: demonic guardian 1, condensation shield
a: Renounce Religion, Depart the Abyss


You were on level 2 of the Dungeon.
You worshipped Lugonu.
Lugonu was aware of your devotion.
You visited 1 branch of the dungeon, and saw 2 of its levels.
You visited the Abyss 1 time.

You collected 54 gold pieces.

Inventory:

Hand Weapons
 a - a +1 falchion (weapon)
Armour
 b - a +0 leather armour (worn)
Scrolls
 d - 3 scrolls of identify {unknown}
 f - 2 scrolls of magic mapping {unknown}
 g - a scroll of torment {unknown}
Potions
 c - 2 potions of curing {unknown}
 e - a potion of heal wounds {unknown}


   Skills:
 + Level 3.2 Fighting
 + Level 2.1 Long Blades
 + Level 2.1 Armour
 + Level 1.3 Dodging
 + Level 3.0 Invocations


You had 2 spell levels left.
You didn't know any spells.
Your spell library was empty.

Dungeon Overview and Level Annotations

Branches:
Dungeon (2/15)

Altars:


Innate Abilities, Weirdness & Mutations

A weak demonic guardian rushes to your aid.
A meltable shield of frost defends you. (SH +4)


Message History

The adder is almost dead.
You feel sick. The adder closely misses you.
You miss the adder.
The adder is almost dead.
You feel sick. The adder bites you.
You are more poisoned.
The adder poisons you! The adder closely misses you.
You closely miss the adder.
The adder is almost dead.
You feel sick. The adder barely misses you.
You closely miss the adder.
The adder is almost dead.
You feel sick. The adder closely misses you. The adder barely misses you.
You are too injured to fight recklessly!
You are too injured to fight recklessly!
You miss the adder.
The adder is almost dead.
You feel sick. The adder bites you.
You closely miss the adder.
The adder is almost dead.
You feel sick. The adder barely misses you. The adder bites you.
* * * LOW HITPOINT WARNING * * *
You are lethally poisoned!
The adder poisons you!
You hit the adder.
You kill the adder!
Lugonu accepts your kill.
* * * LOW HITPOINT WARNING * * *
You feel very sick.
Your Invocations skill increases to level 3!
You have reached level 3!
Your experience leads to an increase in your attributes!
Increase (S)trength, (I)ntelligence, or (D)exterity?
You feel stronger.
Your demonic ancestry asserts itself...
You feel the presence of a demonic guardian.
* * * LOW HITPOINT WARNING * * *
You feel sick.
* * * LOW HITPOINT WARNING * * *
You feel sick.
You die...

.. #........#.#
..##..........#
.............#
............#
#.......†.#
##........?#
.#....$.....#
............###
..#####..@..#.#
#. #.....#.#
######.....#.#
#..........###
#..........#
#..........# .##
#..........# ###
...###..........#
#.#
#..........)<...#
#.########


There were no monsters in sight!

Vanquished Creatures
  An adder (D:2)
  A ball python (D:2)
  2 bats (D:1)
  5 endoplasms (D:1)
  A hobgoblin (D:2)
  3 quokkas
  A frilled lizard (D:1)
  4 kobolds (D:1)
  3 rats
21 creatures vanquished.

Notes
Turn   | Place    | Note
-------+----------+-------------------------------------------
     0 | Abyss:1  | siradein the Demonspawn Abyssal Knight began the quest for
                  | the Orb.
     0 | Abyss:1  | Reached XP level 1. HP: 18/18 MP: 2/2
    27 | Abyss:1  | Noticed a raiju
    28 | D:1      | Escaped the Abyss
   304 | D:1      | Reached skill level 1 in Dodging
   425 | D:1      | Found a faded altar of an unknown god.
   702 | D:1      | Gained mutation: A meltable shield of frost defends you.
                  | (SH +4) [demonic ancestry]
   702 | D:1      | Reached XP level 2. HP: 16/24 MP: 4/4
   814 | D:1      | Reached * piety under Lugonu
  1541 | D:2      | Gained mutation: A weak demonic guardian rushes to your
                  | aid. [demonic ancestry]
  1541 | D:2      | Reached XP level 3. HP: 4/29 MP: 5/5
  1542 | D:2      | HP: 1/29 [poisoned by an adder]
  1543 | D:2      | Succumbed to an adder's poison

Illustrated notes

Levels and vault maps discovered:
D:1:      dpeg_arrival_round_c, layout_basic,
          shapermc_ecumenical_altar_starsandcircs, dk_noncrumbling_2,
          st_stairs_12
D:2:      layout_rooms, basic_altar, serial_aquarium, aquarium_bridge_square
          [aquarium_subvault_bridge, aquarium_subvault_window,
          aquarium_subvault_wall, aquarium_subvault_balcony],
          aquarium_bridge_island_small [aquarium_subvault_small_open,
          aquarium_subvault_bridge, aquarium_subvault_balcony,
          aquarium_subvault_wall, aquarium_subvault_balcony], aquarium_window_2,
          aquarium_window_1, aquarium_view_2a, aquarium_pool_2

Skill      XL: |  1  2 |
---------------+-------+-----
Dodging        | 1 |  1.3
Long Blades    | 2 |  2.1
Armour         | 2 |  2.1
Invocations    | 3 |  3.0
Fighting       | |  3.2

Action                   || total
-------------------------++-------
Melee: Falchion          ||    72
Invok: Depart the Abyss  ||     1
Armor: Leather armour    ||    25
Dodge: Dodged            ||    52
Block: Other             ||     8

Table legend: (Time is in decaauts)
 A = Elapsed time spent in this place.
 B = Non-inter-level travel time spent in this place.
 C = Inter-level travel time spent in this place.
 D = Time resting spent in this place.
 E = Time spent auto-exploring this place.
 F = Levels seen in this place.
 G = Mean time per level.
                   A        B        C        D        E       F      G
               +--------+--------+--------+--------+--------+-----+--------+
         Total |   1560 |   1519 |     41 |     47 |   1228 |   3 |  520.0 |
       Dungeon |   1532 |   1491 |     41 |     47 |   1222 |   2 |  766.0 |
         Abyss |     28 |     28 |      0 |      0 |      6 |   1 |   28.0 |
               +--------+--------+--------+--------+--------+-----+--------+

Top non-repeatable levels by time:
     D:1: 1230 daAuts
     D:2: 301 daAuts
 Abyss:1: 28 daAuts
